 Dungeon Crawl Stone Soup version 0.27.1-34-g3ba077fa99 (webtiles) character file.

Game seed: 1816058313151212156

384 growler the Digger (level 6, 0/45 HPs)
             Began as a Ghoul Earth Elementalist on Jan 24, 2022.
             Slain by a phantom (6 damage)
             ... on level 5 of the Dungeon.
             The game lasted 00:09:10 (4775 turns).

growler the Digger (Ghoul Earth Elementalist)       Turns: 4775, Time: 00:09:10

Health: 0/45       AC:  3    Str: 12    XL:     6   Next: 77%
Magic:  0/19       EV: 12    Int: 12    God:
Gold:   193        SH:  0    Dex:  9    Spells: 6/12 levels left

rFire    . . .     SeeInvis .   i - staff of earth
rCold    + . .     Faith    .   (no shield)
rNeg     + + +     Spirit   .   b - +0 robe
rPois    ∞         Reflect  .   (no helmet)
rElec    .         Harm     .   y - +0 cloak
rCorr    .         Rampage  .   (no gloves)
Will     .....                  (no boots)
Stlth    ++........             (no amulet)
HPRegen  0.00/turn              n - ring of magical power
MPRegen  0.16/turn              (no ring)

@: inhibited regen
A: claws 1, cold resistance 1, negative energy resistance 3, inhibited
regeneration, torment resistance 2
a: no special abilities


You were on level 5 of the Dungeon.
You visited 1 branch of the dungeon, and saw 5 of its levels.

You collected 193 gold pieces.

Inventory:

Hand Weapons
 v - a +0 vampiric demon trident {!w}
   (You acquired it on level 5 of the Dungeon)
Missiles
 c - 44 stones
Armour
 b - a +0 robe (worn)
 u - the +1 robe of Fotsoapt {rF- Str+5 Dex+3}
   (You found it on level 4 of the Dungeon)

   Str:       It affects your strength (+5).
   Dex:       It affects your dexterity (+3).
   rF:        It makes you vulnerable to fire.
 y - a +0 cloak (worn)
   (You found it on level 5 of the Dungeon)
Magical Staves
 i - a staff of earth (weapon)
   (You found it on level 2 of the Dungeon)
Jewellery
 g - a ring of fire
   (You found it on level 2 of the Dungeon)
 n - a ring of magical power (left claw)
   (You found it on level 3 of the Dungeon)
Wands
 t - a wand of mindburst (12)
   (You found it on level 4 of the Dungeon)
 x - a wand of acid (7)
   (You found it on level 4 of the Dungeon)
Scrolls
 a - a scroll of fog
 d - a scroll of enchant armour {unknown}
 e - a scroll of acquirement
 j - a scroll of torment {unknown}
 l - 2 scrolls of teleportation {@r4}
 p - a scroll of magic mapping {unknown}
 q - a scroll of brand weapon {unknown}
 r - a scroll of identify {unknown}
 s - a scroll of enchant weapon {unknown}
Potions
 f - 4 potions of curing {unknown}
 h - a potion of heal wounds {unknown}
 k - 2 potions of might {unknown}
 m - 2 potions of lignification {unknown}
 o - a potion of haste {unknown}
 w - a potion of berserk rage {unknown}


   Skills:
 - Level 1.7 Dodging
 - Level 2.1 Stealth
 + Level 3.8 Spellcasting
 + Level 2.3 Conjurations
 - Level 1.0 Transmutations
 + Level 5.6 Earth Magic


You had 6 spell levels left.
You knew the following spells:

 Your Spells              Type           Power      Damage    Failure   Level
a - Sandblast             Erth           46%        2d11      2%          1
q - Passwall              Tmut/Erth      12%        N/A       9%          2
x - Stone Arrow           Conj/Erth      34%        3d9       13%         3

Your spell library contained the following spells:

 Spells                   Type           Power      Damage    Failure   Level
 Petrify                  Tmut/Erth      15%        N/A       50%         4
 Frozen Ramparts          Ice            4%         1d2       56%         3
 Summon Ice Beast         Ice/Summ       2%         N/A       92%         4
 Ice Form                 Ice/Tmut       Unusable   N/A       N/A         4

Dungeon Overview and Level Annotations

Branches:
Dungeon (5/15)
 Temple: D:4-7

Altars:

Shops:
D:1 *


Innate Abilities, Weirdness & Mutations

You thrive by killing the living.
You are immune to poison.
You have sharp fingernails.
Your flesh is cold resistant. (rC+)
You are immune to negative energy. (rN+++)
You do not regenerate when monsters are visible.
You are immune to unholy pain and torment.


Message History

Aim: a phantom (moderately damaged, 73% to hit)
You feel a surge of power!
The blast of sand misses the phantom.
The phantom closely misses you.
Aim: a phantom (moderately damaged, 73% to hit)
You feel a surge of power!
The blast of sand hits the phantom!
The phantom hits you.
Aim: a phantom (heavily damaged, 73% to hit)
You feel a surge of power!
The blast of sand hits the phantom.
The phantom hits you but does no damage.
An iguana comes into view.
Aim: a phantom (heavily damaged, 73% to hit)
You feel a surge of power!
The blast of sand hits the phantom!
The phantom closely misses you.
Aim: a phantom (almost destroyed, 73% to hit)
You feel a surge of power!
The blast of sand misses the phantom.
The phantom hits you.
Aim: a phantom (almost destroyed, 73% to hit)
You feel a surge of power!
The blast of sand hits the phantom.
The phantom barely misses you.
Aim: a phantom (almost destroyed, 73% to hit)
You feel a surge of power!
The blast of sand hits the phantom but does no damage.
The phantom hits you!
A white imp comes into view.
Aim: a phantom (almost destroyed, 73% to hit)
You feel a surge of power!
The blast of sand hits the phantom but does no damage.
The white imp shouts!
The phantom hits you.
Aim: a phantom (almost destroyed, 73% to hit)
You feel a surge of power!
The blast of sand hits the phantom but does no damage.
The phantom barely misses you.
A water moccasin zombie comes into view.
The phantom hits you.
Found a ring of fire.
The phantom misses you. The iguana bites you!
* * * LOW HITPOINT WARNING * * *
The phantom hits you but does no damage.
The white imp gestures at you. The puff of frost hits you. You resist.
* * * LOW HITPOINT WARNING * * *
A bullfrog skeleton comes into view.
There is a stone staircase leading up here.
The phantom hits you.
* * * LOW HITPOINT WARNING * * *
The phantom blinks!
You blink.
You stop ascending the stairs.
Aim: a phantom (severely damaged, 73% to hit)
You feel a surge of power!
The blast of sand hits the phantom.
The phantom hits you.
You die...

#...# # #...#####.#
#...#...#.##.
#####............
##................
..................
##..............#
###.#........#.#.
#@#...#........
#W#..>#.####.##
#.#...#.# #Z##.##.#
#§§.....#######
#......##.#.........
#.####.##.#.........
###.##Z#.........
#......5.........


You could see a phantom and a water moccasin zombie.

Vanquished Creatures
  An ogre (D:3)
  A water moccasin skeleton (D:4)
  A bullfrog skeleton (D:4)
  A centaur skeleton (D:4)
  An iguana (D:4)
  A hound skeleton (D:4)
  10 adders
  2 worms
  A dart slug (D:1)
  4 orcs
  A bat (D:3)
  10 endoplasms
  A giant cockroach (D:2)
  4 hobgoblins
  6 kobolds
  11 ball pythons
  2 frilled lizards (D:1)
  6 goblins
  4 rats
68 creatures vanquished.

Notes
Turn   | Place    | Note
-------+----------+-------------------------------------------
     0 | D:1      | growler the Ghoul Earth Elementalist began the quest for
                  | the Orb.
     0 | D:1      | Reached XP level 1. HP: 14/14 MP: 2/2
     9 | D:1      | Found a faded altar of an unknown god.
    58 | D:1      | Reached skill level 1 in Transmutations
    96 | D:1      | Found Nun Ped's General Store.
   249 | D:1      | Reached XP level 2. HP: 18/20 MP: 2/4
   957 | D:2      | Reached skill level 4 in Earth Magic
   957 | D:2      | Reached XP level 3. HP: 26/26 MP: 2/5
  1171 | D:2      | Learned a level 2 spell: Passwall
  1175 | D:2      | Learned a level 3 spell: Stone Arrow
  1470 | D:2      | Reached XP level 4. HP: 33/33 MP: 5/7
  2155 | D:3      | Noticed an ogre
  2209 | D:3      | Killed an ogre
  2210 | D:3      | Reached skill level 1 in Conjurations
  2210 | D:3      | Reached XP level 5. HP: 6/38 MP: 1/8
  2871 | D:3      | Reached skill level 5 in Earth Magic
  3623 | D:4      | Reached XP level 6. HP: 43/45 MP: 10/10
  4235 | D:4      | Identified the +1 robe of Fotsoapt {rF- Str+5 Dex+3}
  4464 | D:5      | Entered Level 5 of the Dungeon
  4516 | D:5      | Identified 2 scrolls of acquirement
  4516 | D:5      | Acquired a +0 vampiric demon trident
  4775 | D:5      | Slain by a phantom

Illustrated notes

Levels and vault maps discovered:
D:1:      mrwooster_arrival_statue_3, layout_basic,
          chequers_ecumenical_altar_island, serial_shops, nicolae_square_shop,
          minmay_unequal
D:2:      layout_loops_cross
D:3:      layout_loops_ring
D:4:      minmay_inner_zag, layout_loops_ring
D:5:      layout_loops_cross, lemuel_doored_altar, fountainhead

Skill      XL: |  1  2  3  4  5  6 |
---------------+-------------------+-----
Transmutations | 1 |  1.0
Spellcasting   | 2 3 |  3.8
Earth Magic    | 4 5 |  5.6
Conjurations   | 1 2 |  2.3
Dodging        | |  1.7
Stealth        | |  2.1

Action                   |  1- 3 |  4- 6 || total
-------------------------+-------+-------++-------
Melee: Unarmed           |    36 |       ||    36
       Staff             |       |   107 ||   107
 Cast: Sandblast         |    27 |    43 ||    70
       Stone Arrow       |       |    18 ||    18
  Use: Scroll            |       |     3 ||     3
 Stab: Sleeping          |       |     2 ||     2
Armor: Robe              |     7 |    21 ||    28
Dodge: Dodged            |    28 |   100 ||   128
